Blackdemons vs Carnivores
(R1)
Created - 8 septembre 2014 at 19:17
Simulating a Pre-Season
Goals
|
Blackdemons |
0 |
1 |
0 |
0 |
2 |
2 |
Carnivores |
0 |
1 |
0 |
0 |
0 |
1 |
|
Shots
|
Blackdemons |
7 |
12 |
5 |
0 |
3 |
24 |
Carnivores |
10 |
8 |
8 |
0 |
2 |
26 |
|
1st period
No Goal
Penalties :
Alyn McCauley (MJM) for Roughing (Minor) at 9:53
2nd period
1. Blackdemons , Enver Lisin 1 (Sam Gagner, Matt Hunwick) at 12:17
2. Carnivores , Blake Geoffrion 1 (Andrew Ference, Tim Conboy) at 19:25 (PP)
Penalties :
Evgeny Grachev (Bre) for Delaying the game (Minor) at 16:40, Steven Zalewski (MJM) for Tripping (Minor) at 19:15
3rd period
No Goal
Penalties :
Barry Tallackson (MJM) for Tripping (Minor) at 0:22, Steven Zalewski (MJM) for Holding (Minor) at 3:48, Brendon Nash (MJM) for Hooking (Minor) at 12:52
Overtime #1
No Goal
Penalties :
No Penalty
Shootout
Penalty Shot by Barry Tallackson for Blackdemons - Stopped by Corey Crawford
Penalty Shot by Tim Conboy for Carnivores - Shot Misses the Net
Penalty Shot by Enver Lisin for Blackdemons - Goal!
Penalty Shot by David Van Der Gulik for Carnivores - Stopped by Martin Biron
Penalty Shot by Shawn Matthias for Blackdemons - Goal!
Penalties :
No Penalty
Goalie Stats
Martin Biron (MJM), 25 saves from 26 shots - (0,962), W, 1-0-0, 65:00 minutes
Corey Crawford (Bre), 23 saves from 24 shots - (0,958), OTL, 0-0-1, 65:00 minutes
Players Stats for Blackdemons
Player Name G A P +/- PIM S H SB GA TA FO MP PP MP PK MP
------------------------------------------------------------------------------------
Alyn McCauley 0 0 0 0 2 2 5 1 0 1 1/8 15:22 0:06 3:20
Andrew MacDonald 0 0 0 1 0 2 2 2 0 0 0/0 21:11 1:18 1:05
Barry Tallackson 0 0 0 0 2 1 1 0 0 2 0/0 19:34 0:52 2:54
Brendon Nash 0 0 0 0 2 2 2 3 1 1 0/0 24:06 1:18 3:07
Enver Lisin 1 0 1 1 0 7 3 1 0 0 2/2 21:55 1:01 3:15
Jakub Kindl 0 0 0 0 0 2 3 3 0 0 0/0 24:40 0:41 3:54
Luca Caputi 0 0 0 0 0 0 1 2 0 0 0/0 10:27 0:00 0:39
Matt Calvert 0 0 0 0 0 1 1 0 0 0 0/1 12:42 0:12 0:00
Matt Hunwick 0 1 1 1 0 0 1 1 1 1 0/0 23:39 0:00 3:54
Michael Haley 0 0 0 0 0 0 1 0 0 0 0/0 14:47 0:00 3:13
Reilly Smith 0 0 0 1 0 0 1 0 0 0 0/1 16:02 1:01 0:00
Sam Gagner 0 1 1 1 0 2 0 0 0 0 6/10 18:14 1:01 0:10
Scott Timmins 0 0 0 0 0 0 0 0 0 0 1/2 11:27 0:00 1:50
Shawn Belle 0 0 0 0 0 1 2 1 0 2 0/0 20:34 0:41 4:12
Shawn Matthias 0 0 0 0 0 1 0 0 0 1 3/13 15:12 0:52 0:00
Steve Oleksy 0 0 0 0 0 0 3 0 0 0 0/0 15:50 0:00 0:00
Steven Zalewski 0 0 0 0 4 1 0 0 1 0 1/3 10:15 0:00 0:51
Zach Boychuk 0 0 0 0 0 2 5 0 0 1 0/0 15:52 0:52 0:00
Players Stats for Carnivores
Player Name G A P +/- PIM S H SB GA TA FO MP PP MP PK MP
------------------------------------------------------------------------------------
Adam Almquist 0 0 0 0 0 0 0 0 0 0 0/0 0:00 0:00 0:00
Andrew Ference 0 1 1 -1 0 2 1 1 1 0 0/0 26:01 4:44 0:56
Anton Gustafsson 0 0 0 0 0 1 1 0 0 0 5/12 15:53 3:33 0:00
Anton Lander 0 0 0 0 0 0 0 0 0 0 0/0 0:23 0:00 0:07
Billy Sweat 0 0 0 0 0 1 0 0 1 0 1/1 15:53 3:33 0:00
Blake Geoffrion 1 0 1 0 0 2 2 0 0 0 3/3 21:20 4:22 0:24
Bobby Sanguinetti 0 0 0 0 0 1 0 1 0 0 0/0 10:58 0:00 0:00
Brian Strait 0 0 0 0 0 0 0 0 0 0 0/0 0:00 0:00 0:00
Chris Butler 0 0 0 0 0 1 0 0 0 0 0/0 6:34 0:00 0:00
Chris Lawrence 0 0 0 0 0 4 1 0 1 0 0/0 11:46 0:19 0:00
Christopher DiDomenico 0 0 0 0 0 0 0 0 0 0 0/0 0:00 0:00 0:00
Colton Orr 0 0 0 -1 0 1 0 0 0 0 1/1 13:44 0:00 0:24
David Schlemko 0 0 0 0 0 0 0 0 0 0 0/0 6:34 0:00 0:00
David Van Der Gulik 0 0 0 0 0 1 2 0 4 1 0/0 18:48 3:33 0:58
Evgeny Grachev 0 0 0 0 2 2 1 0 0 0 12/17 20:04 4:25 0:00
Jeremy Welsh 0 0 0 -1 0 1 2 0 1 1 1/1 13:53 0:11 0:00
Jordie Benn 0 0 0 0 0 0 0 0 0 0 0/0 0:00 0:00 0:00
Keith Aulie 0 0 0 -1 0 2 1 1 0 0 0/0 26:30 4:53 0:56
Kyle Wilson 0 0 0 -1 0 0 1 0 0 0 1/1 13:31 0:00 0:30
Lane MacDermid 0 0 0 0 0 0 0 1 0 0 0/0 10:49 0:00 0:37
Oliver Ekman-Larsson 0 0 0 0 0 0 4 2 0 1 0/0 20:58 3:13 1:03
Patrick McNeill 0 0 0 0 0 2 0 0 1 0 0/0 11:27 0:09 0:00
Phil Oreskovic 0 0 0 0 0 0 1 0 0 0 0/0 20:58 3:13 1:03
Tim Conboy 0 1 1 0 0 5 2 0 0 0 0/2 22:38 4:22 0:58
Zack Smith 0 0 0 0 0 0 3 0 0 0 2/2 9:18 0:00 0:00
3 Stars
1 - Martin Biron (MJM)
2 - Corey Crawford (Bre)
3 - Enver Lisin (MJM)
Power Play
Blackdemons - 0 on 1 Attempt(s) - 0,00%
Carnivores - 1 on 5 Attempt(s) - 20,00%
Penalty Kill
Blackdemons - 4 on 5 Attempt(s) - 80,00%
- Score 0 goal in Penalty Kill
Carnivores - 1 on 1 Attempt(s) - 100,00%
- Score 0 goal in Penalty Kill
Official
Referees : Kimmerly Greg and Banfield David
Linesman : Scott Cherrey and Darren Gibbs
Game Notes
No Game Note
Blackdemons
5 vs 5 Forward
Center Left Wing Right Wing Time % Phy DF OF
1 Sam Gagner Enver Lisin Reilly Smith 35 1 1 3
2 Shawn Matthias Zach Boychuk Barry Tallackson 30 1 2 2
3 Alyn McCauley Matt Calvert Michael Haley 25 1 3 1
4 Steven Zalewski Luca Caputi Scott Timmins 10 1 4 0
5 vs 5 Defense
Defense Defense Time % Phy DF OF
1 Brendon Nash Jakub Kindl 35 1 3 1
2 Matt Hunwick Andrew MacDonald 35 1 3 1
3 Steve Oleksy Shawn Belle 20 1 3 1
4 Brendon Nash Jakub Kindl 10 1 2 2
PowerPlay Forward
Center Left Wing Right Wing Time % Phy DF OF
1 Sam Gagner Enver Lisin Reilly Smith 60 1 0 4
2 Shawn Matthias Zach Boychuk Barry Tallackson 40 3 0 2
PowerPlay Defense
Defense Defense Time % Phy DF OF
1 Brendon Nash Andrew MacDonald 60 1 2 2
2 Shawn Belle Jakub Kindl 40 1 2 2
Penalty Kill 4 Players Forward
Center Wing Time % Phy DF OF
1 Alyn McCauley Barry Tallackson 60 1 4 0
2 Steven Zalewski Michael Haley 40 1 4 0
Penalty Kill 4 Players Defense
Defense Defense Time % Phy DF OF
1 Matt Hunwick Jakub Kindl 50 1 4 0
2 Brendon Nash Shawn Belle 50 1 4 0
Penalty Kill - 3 Players Forward
Forward Time % Phy DF OF
1 Alyn McCauley 60 1 4 0
2 Steven Zalewski 40 1 4 0
Penalty Kill - 3 Players Defense
Defense Defense Time % Phy DF OF
1 Matt Hunwick Jakub Kindl 50 1 4 0
2 Brendon Nash Shawn Belle 50 1 4 0
4 vs 4 Forward
Center Wing Time % Phy DF OF
1 Sam Gagner Enver Lisin 60 0 2 3
2 Alyn McCauley Barry Tallackson 40 1 3 1
4 vs 4 Defense
Defense Defense Time % Phy DF OF
1 Brendon Nash Jakub Kindl 50 1 3 1
2 Matt Hunwick Andrew MacDonald 50 1 3 1
Last Minutes Offensive
Center Left Wing Right Wing Defense Defense
Sam Gagner Barry Tallackson Enver Lisin Brendon Nash Andrew MacDonald
Last Minutes Defensive
Center Left Wing Right Wing Defense Defense
Alyn McCauley Enver Lisin Barry Tallackson Matt Hunwick Jakub Kindl
Goaltenders
Starting : Martin Biron
Backup : Matt Hackett
Extra Forwards
Normal : Matt Calvert, Michael Haley, Zach Boychuk - PP : Matt Calvert, Alyn McCauley - PK : Enver Lisin
Extra Defensemen
Normal : Steve Oleksy, Andrew MacDonald, Shawn Belle - PP : Matt Hunwick - PK : Andrew MacDonald, Steve Oleksy
Penalty Shots
Barry Tallackson, Enver Lisin, Shawn Matthias, Alyn McCauley, Matt Calvert
Carnivores
5 vs 5 Forward
Center Left Wing Right Wing Time % Phy DF OF
1 Evgeny Grachev Blake Geoffrion Tim Conboy 40 1 2 2
2 Anton Gustafsson Billy Sweat David Van Der Gulik 30 1 2 2
3 Kyle Wilson Jeremy Welsh Colton Orr 20 1 2 2
4 Zack Smith Lane MacDermid Chris Lawrence 10 1 2 2
5 vs 5 Defense
Defense Defense Time % Phy DF OF
1 Andrew Ference Keith Aulie 40 1 2 2
2 Oliver Ekman-Larsson Phil Oreskovic 30 1 2 2
3 Patrick McNeill Bobby Sanguinetti 20 1 2 2
4 Chris Butler David Schlemko 10 1 2 2
PowerPlay Forward
Center Left Wing Right Wing Time % Phy DF OF
1 Evgeny Grachev Blake Geoffrion Tim Conboy 60 1 2 2
2 Anton Gustafsson Billy Sweat David Van Der Gulik 40 1 2 2
PowerPlay Defense
Defense Defense Time % Phy DF OF
1 Andrew Ference Keith Aulie 60 1 2 2
2 Oliver Ekman-Larsson Phil Oreskovic 40 1 2 2
Penalty Kill 4 Players Forward
Center Wing Time % Phy DF OF
1 Tim Conboy David Van Der Gulik 60 1 2 2
2 Colton Orr Blake Geoffrion 40 1 2 2
Penalty Kill 4 Players Defense
Defense Defense Time % Phy DF OF
1 Andrew Ference Keith Aulie 60 1 2 2
2 Oliver Ekman-Larsson Phil Oreskovic 40 1 2 2
Penalty Kill - 3 Players Forward
Forward Time % Phy DF OF
1 Tim Conboy 60 1 2 2
2 David Van Der Gulik 40 1 2 2
Penalty Kill - 3 Players Defense
Defense Defense Time % Phy DF OF
1 Andrew Ference Keith Aulie 60 1 2 2
2 Oliver Ekman-Larsson Phil Oreskovic 40 1 2 2
4 vs 4 Forward
Center Wing Time % Phy DF OF
1 Tim Conboy David Van Der Gulik 60 1 2 2
2 Colton Orr Blake Geoffrion 40 1 2 2
4 vs 4 Defense
Defense Defense Time % Phy DF OF
1 Andrew Ference Keith Aulie 60 1 2 2
2 Oliver Ekman-Larsson Phil Oreskovic 40 1 2 2
Last Minutes Offensive
Center Left Wing Right Wing Defense Defense
Evgeny Grachev Blake Geoffrion Tim Conboy Andrew Ference Keith Aulie
Last Minutes Defensive
Center Left Wing Right Wing Defense Defense
Evgeny Grachev Blake Geoffrion Tim Conboy Andrew Ference Keith Aulie
Goaltenders
Starting : Corey Crawford
Backup : Antti Raanta
Extra Forwards
Normal : Chris Lawrence, Jeremy Welsh, Kyle Wilson - PP : Chris Lawrence, Jeremy Welsh - PK : Kyle Wilson
Extra Defensemen
Normal : Patrick McNeill, Bobby Sanguinetti, Chris Butler - PP : Patrick McNeill - PK : Bobby Sanguinetti, Chris Butler
Penalty Shots
Tim Conboy, David Van Der Gulik, Colton Orr, Blake Geoffrion, Chris Lawrence
% Time on Ice - Blackdemons
Lines # - Real PCT - Wanted PCT - Time Play
Normal Forward
1 - 31% - 35% - 15:39
2 - 30% - 30% - 14:49
3 - 20% - 25% - 10:01
4 - 19% - 10% - 9:26
Normal Defense
1 - 33% - 35% - 16:33
2 - 37% - 35% - 18:23
3 - 27% - 20% - 13:14
4 - 4% - 10% - 1:45
PP Forward
1 - 56% - 60% - 1:07
2 - 44% - 40% - 0:52
PP Defense
1 - 66% - 60% - 1:18
2 - 34% - 40% - 0:41
PK Forward
1 - 81% - 60% - 6:33
2 - 19% - 40% - 1:33
PK Defense
1 - 48% - 50% - 3:54
2 - 52% - 50% - 4:12
PK3 Forward
1 - 0% - 60%
2 - 0% - 40%
PK3 Defense
1 - 0% - 50%
2 - 0% - 50%
44 Forward
1 - 76% - 60% - 3:49
2 - 24% - 40% - 1:11
44 Defense
1 - 61% - 50% - 3:04
2 - 39% - 50% - 1:56
Last Minute Offensive - 0:00
Last Minute Defensive - 0:00
Total
Forward - 65:00
Defense - 65:00
|
% Time on Ice - Carnivores
Lines # - Real PCT - Wanted PCT - Time Play
Normal Forward
1 - 33% - 40% - 16:20
2 - 25% - 30% - 12:20
3 - 24% - 20% - 11:57
4 - 19% - 10% - 9:18
Normal Defense
1 - 36% - 40% - 17:58
2 - 29% - 30% - 14:37
3 - 22% - 20% - 10:46
4 - 13% - 10% - 6:34
PP Forward
1 - 56% - 60% - 4:33
2 - 44% - 40% - 3:33
PP Defense
1 - 60% - 60% - 4:53
2 - 40% - 40% - 3:13
PK Forward
1 - 80% - 60% - 1:35
2 - 20% - 40% - 0:24
PK Defense
1 - 47% - 60% - 0:56
2 - 53% - 40% - 1:03
PK3 Forward
1 - 0% - 60%
2 - 0% - 40%
PK3 Defense
1 - 0% - 60%
2 - 0% - 40%
44 Forward
1 - 76% - 60% - 3:47
2 - 24% - 40% - 1:13
44 Defense
1 - 58% - 60% - 2:55
2 - 42% - 40% - 2:05
Last Minute Offensive - 0:00
Last Minute Defensive - 0:00
Total
Forward - 65:00
Defense - 65:00
|
Play by Play
1st period
0:01 of 1st period - Sam Gagner wins face-off versus Evgeny Grachev in neutral zone.
1:13 of 1st period - Backhand shot by Steven Zalewski.
1:13 of 1st period - Shot Misses the Net.
1:15 of 1st period - Snap shot by Jakub Kindl.
1:15 of 1st period - Deflect By Scott Timmins.
1:15 of 1st period - Shot Blocked by Lane MacDermid.
1:15 of 1st period - Puck is out of play.
1:16 of 1st period - Blake Geoffrion wins face-off versus Reilly Smith in Carnivores zone.
1:49 of 1st period - Andrew Ference is hit by Michael Haley and loses puck.
2:02 of 1st period - Wrist shot by Blake Geoffrion.
2:02 of 1st period - Shot Misses the Net.
2:04 of 1st period - Slapshot by Andrew Ference.
2:04 of 1st period - Shot Misses the Net.
2:06 of 1st period - Slapshot by Patrick McNeill.
2:06 of 1st period - Stopped by Martin Biron with a rebound.
2:08 of 1st period - Snap shot by Tim Conboy.
2:08 of 1st period - Stopped by Martin Biron with a rebound.
2:10 of 1st period - Wrist shot by Evgeny Grachev.
2:10 of 1st period - Stopped by Martin Biron without a rebound.
2:11 of 1st period - Anton Gustafsson wins face-off versus Shawn Matthias in Blackdemons zone.
2:42 of 1st period - Snap shot by Enver Lisin.
2:42 of 1st period - Stopped by Corey Crawford with a rebound.
3:00 of 1st period - Chris Lawrence is hit by Jakub Kindl and loses puck.
4:18 of 1st period - Snap shot by Steven Zalewski.
4:18 of 1st period - Shot Blocked by Oliver Ekman-Larsson.
5:24 of 1st period - Snap shot by Enver Lisin.
5:24 of 1st period - Stopped by Corey Crawford with a rebound.
5:35 of 1st period - Off-side.
5:36 of 1st period - Steven Zalewski wins face-off versus Anton Gustafsson in neutral zone.
6:23 of 1st period - Snap shot by Barry Tallackson.
6:23 of 1st period - Deflect By Shawn Matthias.
6:23 of 1st period - Stopped by Corey Crawford without a rebound.
6:24 of 1st period - Jeremy Welsh wins face-off versus Shawn Matthias in Carnivores zone.
6:47 of 1st period - Andrew Ference is hit by Alyn McCauley and loses puck.
6:52 of 1st period - Wrist shot by Alyn McCauley.
6:52 of 1st period - Shot Misses the Net.
6:58 of 1st period - Wrist shot by Jeremy Welsh.
6:58 of 1st period - Shot Misses the Net.
8:25 of 1st period - Snap shot by Alyn McCauley.
8:25 of 1st period - Shot Misses the Net.
8:51 of 1st period - Snap shot by Jeremy Welsh.
8:51 of 1st period - Shot Misses the Net.
9:22 of 1st period - Blake Geoffrion is hit by Barry Tallackson and loses puck.
9:35 of 1st period - Shawn Belle is hit by Zack Smith and loses puck.
9:53 of 1st period - Minor Penalty to Alyn McCauley for Roughing.
9:54 of 1st period - Enver Lisin wins face-off versus Evgeny Grachev in Blackdemons zone.
10:10 of 1st period - Andrew Ference is hit by Enver Lisin.
10:56 of 1st period - Michael Haley is hit by Blake Geoffrion and loses puck.
11:34 of 1st period - Icing by Andrew Ference.
11:35 of 1st period - Scott Timmins wins face-off versus Anton Gustafsson in Carnivores zone.
11:43 of 1st period - Icing by David Van Der Gulik.
11:44 of 1st period - Enver Lisin wins face-off versus Anton Gustafsson in Carnivores zone.
11:53 of 1st period - Penalty to Alyn McCauley is over, Alyn McCauley is back on ice.
12:07 of 1st period - Wrist shot by David Van Der Gulik.
12:07 of 1st period - Shot Blocked by Enver Lisin.
12:13 of 1st period - Slapshot by David Van Der Gulik.
12:13 of 1st period - Shot Misses the Net.
12:15 of 1st period - Snap shot by Billy Sweat.
12:15 of 1st period - Shot Misses the Net.
12:17 of 1st period - Slapshot by Andrew Ference.
12:17 of 1st period - Deflect By Billy Sweat.
12:17 of 1st period - Stopped by Martin Biron with a rebound.
12:19 of 1st period - Slapshot by Keith Aulie.
12:19 of 1st period - Stopped by Martin Biron without a rebound.
12:20 of 1st period - Blake Geoffrion wins face-off versus Steven Zalewski in Blackdemons zone.
13:06 of 1st period - Wrist shot by Jeremy Welsh.
13:06 of 1st period - Shot Misses the Net.
13:14 of 1st period - Chris Lawrence is hit by Enver Lisin.
13:38 of 1st period - Scott Timmins is hit by Jeremy Welsh and loses puck.
13:54 of 1st period - Off-side.
13:55 of 1st period - Zack Smith wins face-off versus Alyn McCauley in neutral zone.
14:28 of 1st period - Backhand shot by Andrew Ference.
14:28 of 1st period - Deflect By Chris Lawrence.
14:28 of 1st period - Stopped by Martin Biron with a rebound.
14:30 of 1st period - Slapshot by Andrew Ference.
14:30 of 1st period - Stopped by Martin Biron with a rebound.
14:32 of 1st period - Slapshot by Keith Aulie.
14:32 of 1st period - Stopped by Martin Biron with a rebound.
14:46 of 1st period - Andrew Ference is hit by Enver Lisin and loses puck.
15:53 of 1st period - Shawn Matthias is hit by Oliver Ekman-Larsson and loses puck.
16:15 of 1st period - Snap shot by David Van Der Gulik.
16:15 of 1st period - Stopped by Martin Biron with a rebound.
17:32 of 1st period - Enver Lisin is hit by Kyle Wilson and loses puck.
17:49 of 1st period - Enver Lisin is hit by Oliver Ekman-Larsson and loses puck.
18:02 of 1st period - Oliver Ekman-Larsson is hit by Steve Oleksy.
18:14 of 1st period - Snap shot by Sam Gagner.
18:14 of 1st period - Stopped by Corey Crawford with a rebound.
18:26 of 1st period - Wrist shot by Enver Lisin.
18:26 of 1st period - Stopped by Corey Crawford with a rebound.
18:28 of 1st period - Slapshot by Enver Lisin.
18:28 of 1st period - Stopped by Corey Crawford with a rebound.
18:30 of 1st period - Snap shot by Enver Lisin.
18:30 of 1st period - Stopped by Corey Crawford with a rebound.
18:34 of 1st period - Snap shot by Sam Gagner.
18:34 of 1st period - Shot Misses the Net.
19:04 of 1st period - Snap shot by Sam Gagner.
19:04 of 1st period - Deflect By Enver Lisin.
19:04 of 1st period - Shot Misses the Net.
19:04 of 1st period - Puck is out of play.
19:05 of 1st period - Anton Gustafsson wins face-off versus Shawn Matthias in Carnivores zone.
19:16 of 1st period - Slapshot by Anton Gustafsson.
19:16 of 1st period - Stopped by Martin Biron without a rebound.
19:17 of 1st period - Anton Gustafsson wins face-off versus Shawn Matthias in Blackdemons zone.
19:30 of 1st period - David Van Der Gulik is hit by Zach Boychuk and loses puck.
Goals for this period are 0 for Blackdemons vs 0 for Carnivores.
Shots for this period are 7 for Blackdemons vs 10 for Carnivores.
2nd period
0:01 of 2nd period - Evgeny Grachev wins face-off versus Shawn Matthias in neutral zone.
1:01 of 2nd period - Slapshot by Alyn McCauley.
1:01 of 2nd period - Stopped by Corey Crawford without a rebound.
1:02 of 2nd period - Evgeny Grachev wins face-off versus Shawn Matthias in Carnivores zone.
1:07 of 2nd period - Slapshot by Blake Geoffrion.
1:07 of 2nd period - Shot Blocked by Jakub Kindl.
1:09 of 2nd period - Snap shot by Blake Geoffrion.
1:09 of 2nd period - Shot Misses the Net.
1:27 of 2nd period - Billy Sweat is hit by Brendon Nash and loses puck.
1:36 of 2nd period - Wrist shot by Matt Calvert.
1:36 of 2nd period - Stopped by Corey Crawford with a rebound.
2:12 of 2nd period - Zack Smith is hit by Jakub Kindl and loses puck.
2:23 of 2nd period - Zack Smith is hit by Andrew MacDonald and loses puck.
2:34 of 2nd period - Shawn Matthias is hit by Oliver Ekman-Larsson and loses puck.
3:43 of 2nd period - Wrist shot by Evgeny Grachev.
3:43 of 2nd period - Stopped by Martin Biron without a rebound.
3:44 of 2nd period - Shawn Matthias wins face-off versus Anton Gustafsson in Blackdemons zone.
3:44 of 2nd period - Shawn Matthias is hit by David Van Der Gulik.
3:56 of 2nd period - Backhand shot by Billy Sweat.
3:56 of 2nd period - Shot Blocked by Brendon Nash.
4:10 of 2nd period - Jakub Kindl is hit by Tim Conboy and loses puck.
5:37 of 2nd period - Wrist shot by Sam Gagner.
5:37 of 2nd period - Stopped by Corey Crawford without a rebound.
5:38 of 2nd period - Evgeny Grachev wins face-off versus Sam Gagner in Carnivores zone.
6:12 of 2nd period - Snap shot by Colton Orr.
6:12 of 2nd period - Shot Misses the Net.
6:48 of 2nd period - Snap shot by Zack Smith.
6:48 of 2nd period - Shot Blocked by Matt Hunwick.
7:08 of 2nd period - Snap shot by Enver Lisin.
7:08 of 2nd period - Shot Misses the Net.
7:43 of 2nd period - Icing by Jakub Kindl.
7:44 of 2nd period - Shawn Matthias wins face-off versus Anton Gustafsson in Blackdemons zone.
7:49 of 2nd period - Keith Aulie is hit by Reilly Smith and loses puck.
8:37 of 2nd period - Snap shot by Colton Orr.
8:37 of 2nd period - Stopped by Martin Biron without a rebound.
8:38 of 2nd period - Sam Gagner wins face-off versus Anton Gustafsson in Blackdemons zone.
8:47 of 2nd period - Wrist shot by Enver Lisin.
8:47 of 2nd period - Stopped by Corey Crawford with a rebound.
8:49 of 2nd period - Slapshot by Jakub Kindl.
8:49 of 2nd period - Stopped by Corey Crawford with a rebound.
8:51 of 2nd period - Slapshot by Jakub Kindl.
8:51 of 2nd period - Stopped by Corey Crawford without a rebound.
8:52 of 2nd period - Evgeny Grachev wins face-off versus Shawn Matthias in Carnivores zone.
8:52 of 2nd period - Evgeny Grachev is hit by Zach Boychuk.
9:23 of 2nd period - Snap shot by Alyn McCauley.
9:23 of 2nd period - Shot Blocked by Oliver Ekman-Larsson.
9:25 of 2nd period - Backhand shot by Alyn McCauley.
9:25 of 2nd period - Shot Misses the Net.
9:55 of 2nd period - Snap shot by Steven Zalewski.
9:55 of 2nd period - Stopped by Corey Crawford with a rebound.
10:14 of 2nd period - Icing by Reilly Smith.
10:15 of 2nd period - Anton Gustafsson wins face-off versus Sam Gagner in Blackdemons zone.
10:39 of 2nd period - Snap shot by Enver Lisin.
10:39 of 2nd period - Shot Blocked by Andrew Ference.
11:46 of 2nd period - Slapshot by Kyle Wilson.
11:46 of 2nd period - Shot Misses the Net.
12:17 of 2nd period - Wrist shot by Enver Lisin.
12:17 of 2nd period - Goal by Enver Lisin - Blackdemons : 1 - Carnivores : 0.
12:18 of 2nd period - Evgeny Grachev wins face-off versus Shawn Matthias in neutral zone.
12:21 of 2nd period - Zach Boychuk is hit by Tim Conboy and loses puck.
12:46 of 2nd period - Slapshot by Patrick McNeill.
12:46 of 2nd period - Stopped by Martin Biron with a rebound.
12:58 of 2nd period - Snap shot by Barry Tallackson.
12:58 of 2nd period - Shot Blocked by Bobby Sanguinetti.
13:00 of 2nd period - Snap shot by Shawn Matthias.
13:00 of 2nd period - Shot Misses the Net.
13:08 of 2nd period - Wrist shot by Barry Tallackson.
13:08 of 2nd period - Stopped by Corey Crawford with a rebound.
13:12 of 2nd period - Slapshot by Barry Tallackson.
13:12 of 2nd period - Shot Misses the Net.
13:14 of 2nd period - Slapshot by Shawn Matthias.
13:14 of 2nd period - Deflect By Zach Boychuk.
13:14 of 2nd period - Stopped by Corey Crawford with a rebound.
13:16 of 2nd period - Backhand shot by Zach Boychuk.
13:16 of 2nd period - Stopped by Corey Crawford without a rebound.
13:17 of 2nd period - Evgeny Grachev wins face-off versus Alyn McCauley in Carnivores zone.
13:17 of 2nd period - Evgeny Grachev is hit by Shawn Belle.
13:24 of 2nd period - Evgeny Grachev is hit by Steve Oleksy and loses puck.
14:06 of 2nd period - Snap shot by Patrick McNeill.
14:06 of 2nd period - Shot Blocked by Brendon Nash.
14:08 of 2nd period - Snap shot by Lane MacDermid.
14:08 of 2nd period - Shot Blocked by Jakub Kindl.
14:40 of 2nd period - Matt Hunwick is hit by Blake Geoffrion.
14:56 of 2nd period - Zach Boychuk is hit by David Van Der Gulik and loses puck.
15:29 of 2nd period - Wrist shot by Chris Lawrence.
15:29 of 2nd period - Stopped by Martin Biron with a rebound.
16:40 of 2nd period - Minor Penalty to Evgeny Grachev for Delaying the game.
16:41 of 2nd period - Sam Gagner wins face-off versus Tim Conboy in Carnivores zone.
16:50 of 2nd period - Snap shot by Enver Lisin.
16:50 of 2nd period - Shot Misses the Net.
16:52 of 2nd period - Slapshot by Brendon Nash.
16:52 of 2nd period - Stopped by Corey Crawford with a rebound.
17:16 of 2nd period - Tim Conboy is hit by Andrew MacDonald and loses puck.
18:40 of 2nd period - Penalty to Evgeny Grachev is over, Evgeny Grachev is back on ice.
18:57 of 2nd period - Snap shot by Kyle Wilson.
18:57 of 2nd period - Shot Blocked by Luca Caputi.
19:09 of 2nd period - Snap shot by Tim Conboy.
19:09 of 2nd period - Stopped by Martin Biron with a rebound.
19:15 of 2nd period - Minor Penalty to Steven Zalewski for Tripping.
19:16 of 2nd period - Evgeny Grachev wins face-off versus Alyn McCauley in Blackdemons zone.
19:17 of 2nd period - Wrist shot by Tim Conboy.
19:17 of 2nd period - Stopped by Martin Biron with a rebound.
19:19 of 2nd period - Slapshot by Andrew Ference.
19:19 of 2nd period - Shot Misses the Net.
19:21 of 2nd period - Slapshot by Tim Conboy.
19:21 of 2nd period - Shot Misses the Net.
19:23 of 2nd period - Slapshot by Andrew Ference.
19:23 of 2nd period - Stopped by Martin Biron with a rebound.
19:25 of 2nd period - Snap shot by Blake Geoffrion.
19:25 of 2nd period - Goal by Blake Geoffrion - Blackdemons : 1 - Carnivores : 1.
19:26 of 2nd period - Shawn Matthias wins face-off versus Evgeny Grachev in neutral zone.
19:29 of 2nd period - Evgeny Grachev is hit by Zach Boychuk and loses puck.
19:41 of 2nd period - Off-side.
19:42 of 2nd period - Billy Sweat wins face-off versus Sam Gagner in neutral zone.
19:44 of 2nd period - Keith Aulie is hit by Brendon Nash and loses puck.
19:51 of 2nd period - Wrist shot by Anton Gustafsson.
19:51 of 2nd period - Deflect By Sam Gagner.
19:51 of 2nd period - Shot Misses the Net.
19:51 of 2nd period - Puck is out of play.
19:52 of 2nd period - Anton Gustafsson wins face-off versus Sam Gagner in Blackdemons zone.
Goals for this period are 1 for Blackdemons vs 1 for Carnivores.
Shots for this period are 12 for Blackdemons vs 8 for Carnivores.
3rd period
0:01 of 3rd period - Evgeny Grachev wins face-off versus Shawn Matthias in neutral zone.
0:10 of 3rd period - Wrist shot by Tim Conboy.
0:10 of 3rd period - Stopped by Martin Biron with a rebound.
0:22 of 3rd period - Minor Penalty to Barry Tallackson for Tripping.
0:23 of 3rd period - Evgeny Grachev wins face-off versus Alyn McCauley in Blackdemons zone.
0:38 of 3rd period - Backhand shot by Tim Conboy.
0:38 of 3rd period - Stopped by Martin Biron without a rebound.
0:39 of 3rd period - Alyn McCauley wins face-off versus Evgeny Grachev in Blackdemons zone.
0:50 of 3rd period - Snap shot by Tim Conboy.
0:50 of 3rd period - Shot Misses the Net.
0:52 of 3rd period - Snap shot by Blake Geoffrion.
0:52 of 3rd period - Stopped by Martin Biron without a rebound.
0:53 of 3rd period - Evgeny Grachev wins face-off versus Alyn McCauley in Blackdemons zone.
1:31 of 3rd period - Billy Sweat is hit by Matt Hunwick and loses puck.
1:44 of 3rd period - Blake Geoffrion is hit by Jakub Kindl and loses puck.
2:22 of 3rd period - Penalty to Barry Tallackson is over, Barry Tallackson is back on ice.
2:59 of 3rd period - Keith Aulie is hit by Shawn Belle and loses puck.
3:48 of 3rd period - Minor Penalty to Steven Zalewski for Holding.
3:49 of 3rd period - Blake Geoffrion wins face-off versus Alyn McCauley in Blackdemons zone.
4:03 of 3rd period - Snap shot by Blake Geoffrion.
4:03 of 3rd period - Shot Blocked by Shawn Belle.
4:05 of 3rd period - Snap shot by Tim Conboy.
4:05 of 3rd period - Shot Blocked by Alyn McCauley.
5:48 of 3rd period - Penalty to Steven Zalewski is over, Steven Zalewski is back on ice.
6:05 of 3rd period - Slapshot by Steven Zalewski.
6:05 of 3rd period - Shot Misses the Net.
6:07 of 3rd period - Snap shot by Steven Zalewski.
6:07 of 3rd period - Deflect By Luca Caputi.
6:07 of 3rd period - Shot Blocked by Keith Aulie.
6:07 of 3rd period - Puck is out of play.
6:08 of 3rd period - Kyle Wilson wins face-off versus Steven Zalewski in Carnivores zone.
6:28 of 3rd period - Slapshot by Andrew MacDonald.
6:28 of 3rd period - Stopped by Corey Crawford without a rebound.
6:29 of 3rd period - Sam Gagner wins face-off versus Anton Gustafsson in Carnivores zone.
7:33 of 3rd period - Scott Timmins is hit by Jeremy Welsh and loses puck.
8:03 of 3rd period - Steve Oleksy is hit by Anton Gustafsson.
8:11 of 3rd period - Enver Lisin is hit by Andrew Ference and loses puck.
8:30 of 3rd period - Steve Oleksy is hit by Evgeny Grachev.
8:41 of 3rd period - Shawn Belle is hit by Zack Smith and loses puck.
8:52 of 3rd period - Snap shot by Chris Lawrence.
8:52 of 3rd period - Stopped by Martin Biron with a rebound.
9:09 of 3rd period - Backhand shot by Colton Orr.
9:09 of 3rd period - Deflect By Jeremy Welsh.
9:09 of 3rd period - Stopped by Martin Biron with a rebound.
9:11 of 3rd period - Snap shot by Kyle Wilson.
9:11 of 3rd period - Shot Misses the Net.
9:27 of 3rd period - Tim Conboy is hit by Luca Caputi and loses puck.
10:08 of 3rd period - Snap shot by Alyn McCauley.
10:08 of 3rd period - Stopped by Corey Crawford with a rebound.
10:16 of 3rd period - Matt Hunwick is hit by Chris Lawrence and loses puck.
10:33 of 3rd period - Slapshot by Steven Zalewski.
10:33 of 3rd period - Shot Misses the Net.
10:35 of 3rd period - Slapshot by Andrew MacDonald.
10:35 of 3rd period - Stopped by Corey Crawford with a rebound.
11:05 of 3rd period - Evgeny Grachev is hit by Alyn McCauley and loses puck.
11:24 of 3rd period - Snap shot by Chris Lawrence.
11:24 of 3rd period - Shot Blocked by Jakub Kindl.
11:26 of 3rd period - Slapshot by Phil Oreskovic.
11:26 of 3rd period - Deflect By Lane MacDermid.
11:26 of 3rd period - Shot Misses the Net.
11:26 of 3rd period - Puck is out of play.
11:27 of 3rd period - Zack Smith wins face-off versus Scott Timmins in Blackdemons zone.
11:36 of 3rd period - Snap shot by Chris Lawrence.
11:36 of 3rd period - Stopped by Martin Biron without a rebound.
11:37 of 3rd period - Sam Gagner wins face-off versus Evgeny Grachev in Blackdemons zone.
12:08 of 3rd period - Wrist shot by Colton Orr.
12:08 of 3rd period - Shot Misses the Net.
12:17 of 3rd period - Icing by Jakub Kindl.
12:18 of 3rd period - Evgeny Grachev wins face-off versus Shawn Matthias in Blackdemons zone.
12:52 of 3rd period - Minor Penalty to Brendon Nash for Hooking.
12:53 of 3rd period - Evgeny Grachev wins face-off versus Alyn McCauley in Blackdemons zone.
13:36 of 3rd period - Slapshot by Shawn Belle.
13:36 of 3rd period - Stopped by Corey Crawford with a rebound.
14:52 of 3rd period - Penalty to Brendon Nash is over, Brendon Nash is back on ice.
14:58 of 3rd period - Enver Lisin is hit by Phil Oreskovic and loses puck.
15:17 of 3rd period - Snap shot by Bobby Sanguinetti.
15:17 of 3rd period - Stopped by Martin Biron with a rebound.
15:19 of 3rd period - Slapshot by Patrick McNeill.
15:19 of 3rd period - Shot Blocked by Andrew MacDonald.
15:50 of 3rd period - Tim Conboy is hit by Steve Oleksy and loses puck.
16:05 of 3rd period - Slapshot by Brendon Nash.
16:05 of 3rd period - Stopped by Corey Crawford with a rebound.
16:11 of 3rd period - Slapshot by Kyle Wilson.
16:11 of 3rd period - Shot Blocked by Brendon Nash.
16:13 of 3rd period - Slapshot by Chris Butler.
16:13 of 3rd period - Stopped by Martin Biron with a rebound.
16:34 of 3rd period - Snap shot by Alyn McCauley.
16:34 of 3rd period - Shot Misses the Net.
17:01 of 3rd period - Matt Hunwick is hit by Zack Smith and loses puck.
17:28 of 3rd period - Slapshot by Oliver Ekman-Larsson.
17:28 of 3rd period - Shot Blocked by Luca Caputi.
18:10 of 3rd period - Andrew Ference is hit by Zach Boychuk and loses puck.
18:15 of 3rd period - Wrist shot by Shawn Matthias.
18:15 of 3rd period - Shot Hit the Post.
18:27 of 3rd period - Wrist shot by Anton Gustafsson.
18:27 of 3rd period - Shot Misses the Net.
18:29 of 3rd period - Slapshot by David Schlemko.
18:29 of 3rd period - Shot Misses the Net.
18:31 of 3rd period - Slapshot by David Schlemko.
18:31 of 3rd period - Shot Blocked by Andrew MacDonald.
Goals for this period are 0 for Blackdemons vs 0 for Carnivores.
Shots for this period are 5 for Blackdemons vs 8 for Carnivores.
Overtime #1
0:01 of 1st overtime period - Sam Gagner wins face-off versus Tim Conboy in neutral zone.
0:18 of 1st overtime period - Brendon Nash is hit by Keith Aulie and loses puck.
0:49 of 1st overtime period - Phil Oreskovic is hit by Alyn McCauley and loses puck.
1:35 of 1st overtime period - Andrew Ference is hit by Zach Boychuk and loses puck.
2:34 of 1st overtime period - Zach Boychuk is hit by Oliver Ekman-Larsson and loses puck.
3:13 of 1st overtime period - Kyle Wilson is hit by Alyn McCauley and loses puck.
3:29 of 1st overtime period - Icing by Patrick McNeill.
3:30 of 1st overtime period - Colton Orr wins face-off versus Matt Calvert in Carnivores zone.
4:08 of 1st overtime period - David Van Der Gulik is hit by Alyn McCauley and loses puck.
4:34 of 1st overtime period - Keith Aulie is hit by Matt Calvert and loses puck.
Goals for this period are 0 for Blackdemons vs 0 for Carnivores.
Shots for this period are 0 for Blackdemons vs 0 for Carnivores.
ShootOut
5:00 of 1st overtime period - Penalty Shot by Barry Tallackson for Blackdemons.
5:00 of 1st overtime period - Snap shot by Barry Tallackson.
5:00 of 1st overtime period - Stopped by Corey Crawford.
5:00 of 1st overtime period - Penalty Shot by Tim Conboy for Carnivores.
5:00 of 1st overtime period - Deke by Tim Conboy.
5:00 of 1st overtime period - Shot Misses the Net.
5:00 of 1st overtime period - Penalty Shot by Enver Lisin for Blackdemons.
5:00 of 1st overtime period - Deke by Enver Lisin.
5:00 of 1st overtime period - Goal by Enver Lisin.
5:00 of 1st overtime period - Penalty Shot by David Van Der Gulik for Carnivores.
5:00 of 1st overtime period - Snap shot by David Van Der Gulik.
5:00 of 1st overtime period - Stopped by Martin Biron.
5:00 of 1st overtime period - Penalty Shot by Shawn Matthias for Blackdemons.
5:00 of 1st overtime period - Snap shot by Shawn Matthias.
5:00 of 1st overtime period - Goal by Shawn Matthias.
Output by the SimonT Hockey Simulator (STHS) for François Prévost -- Original Page W3C XHTML 1.0 Valid